AoeStats
← M@nqu!to

Nomad

505801559Analyzed
2v2 RM · 20d ago on Sep 11, 2026· 32m 38s· 4 players
Game mode
Random Map
Map size
176×176
Population
200
Speed
Normal
Resources
Standard
Victory
Conquest
Starting age
Dark Age
Ending age
Imperial Age
RankedLock teamsTeams togetherTeam positionsShared explorationLock speedFull tech treeHidden civsTurbo modeCheats
Victory
Defeat
🇺🇸 Romans · United States
1209
+19
🇺🇸 Italians · United States
1206
+20
🇵🇪 Huns · Peru
1298
-20
🇵🇪 Bulgarians · Peru
1271
-19
Jean-Luc Petard
4:23 Loom
14:41 Feudal Age
14:44 Man-at-Arms
16:21 Forging
16:34 Scale Mail Armor
17:36 Double-Bit Axe
22:38 Castle Age
20:54 Horse Collar
24:03 Iron Casting
23:55 Bloodlines
23:58 Husbandry
24:06 Scale Barding Armor
27:53 Chain Barding Armor
31:59 Wheelbarrow
32:21 Town Watch
William T. Piker
4:16 Loom
15:03 Feudal Age
15:43 Double-Bit Axe
15:52 Gold Mining
21:05 Castle Age
19:16 Stone Mining
19:55 Fletching
22:25 Bodkin Arrow
23:22 Wheelbarrow
24:09 Town Watch
26:03 Horse Collar
26:48 Ballistics
27:15 Padded Archer Armor
29:53 Thumb Ring
M@nquito 2.0
14:39 Feudal Age
14:56 Loom
17:39 Fletching
19:36 Padded Archer Armor
19:58 Gold Mining
23:59 Castle Age
23:44 Double-Bit Axe
24:18 Crossbowman
24:56 Bodkin Arrow
25:30 Leather Archer Armor
27:57 Ballistics
28:52 Bow Saw
31:06 Wheelbarrow
M@nqu!to
4:28 Loom
13:48 Feudal Age
14:33 Double-Bit Axe
20:22 Castle Age
19:55 Bloodlines
19:51 Scale Barding Armor
22:36 Chain Barding Armor
22:27 Forging
26:17 Pikeman
26:58 Squires
27:44 Iron Casting
Connection lost

Rejoining the realm…

Still unreachable

The connection could not be restored.

Session expired

The server has moved on; the page needs a fresh start.